AoeStats
← BetteraveRouge

Black Forest

508041370Analyzed
4v4 RM · 12d ago on Sep 20, 2026· 59m 59s· 8 players
Game mode
Random Map
Map size
Large (8 player)
Population
200
Speed
Normal
Resources
Standard
Victory
Conquest
Starting age
Dark Age
Ending age
Imperial Age
RankedLock teamsTeams togetherTeam positionsShared explorationLock speedFull tech treeHidden civsTurbo modeCheats
Victory
Defeat
🇨🇴 Turks · Colombia
1252
+18
🇷🇴 Britons · Romania
1245
+18
🇫🇷 Vietnamese · France
1227
+19
🇫🇷 Italians · France
1226
+19
🇧🇦 Persians · Bosnia & Herzegovina
1345
-21
🇷🇸 Magyars · Serbia
1333
-20
🇲🇪 Ethiopians · Montenegro
1306
-19
🇷🇸 Franks · Serbia
1193
-14
qomio229
3:42 Loom
12:42 Feudal Age
16:31 Castle Age
14:45 Double-Bit Axe
19:15 Stone Mining
19:39 Bow Saw
19:11 Horse Collar
21:07 Gold Mining
24:55 Fletching
25:08 Padded Archer Armor
26:58 Bodkin Arrow
27:55 Yeomen
27:50 Heavy Plow
28:30 Leather Archer Armor
29:48 Wheelbarrow
28:58 Town Watch
30:23 Gold Shaft Mining
34:02 Imperial Age
32:41 Hand Cart
32:26 Town Patrol
33:36 Ballistics
35:07 Conscription
35:12 Elite Longbowman
36:28 Hoardings
38:02 Chemistry
36:42 Treadmill Crane
37:52 Bracer
38:23 Ring Archer Armor
38:06 Forging
37:56 Scale Mail Armor
39:37 Fishing Lines
39:25 Pikeman
40:06 Squires
39:52 Arson
40:06 Halberdier
41:24 Iron Casting
42:22 Chain Mail Armor
48:24 Blast Furnace
47:54 Plate Mail Armor
Alexiỗs
6:47 Loom
12:02 Feudal Age
16:00 Castle Age
13:49 Double-Bit Axe
13:47 Horse Collar
17:07 Bow Saw
17:35 Wheelbarrow
17:05 Heavy Plow
21:02 Hand Cart
24:16 Gold Mining
28:25 Imperial Age
26:27 Scale Mail Armor
26:38 Forging
26:40 Stone Mining
26:50 Town Watch
28:17 Caravan
28:34 Chain Mail Armor
28:54 Iron Casting
28:23 Squires
28:08 Arson
29:28 Stone Shaft Mining
28:40 Elite Fire Lancer
30:25 Two-Man Saw
29:59 Plate Mail Armor
30:26 Crop Rotation
30:05 Treadmill Crane
32:48 Chemistry
33:59 Town Patrol
34:24 Paper Money
34:04 Chatras
33:39 Sappers
35:07 Fletching
35:18 Padded Archer Armor
35:24 Scale Barding Armor
35:30 Siege Engineers
37:56 Capped Ram
39:01 Ballistics
38:26 Arrowslits
38:40 Murder Holes
38:55 Fortified Wall
38:43 Bodkin Arrow
39:04 Leather Archer Armor
39:26 Hoardings
42:52 Pikeman
43:34 Bracer
44:04 Ring Archer Armor
44:00 Elite Rattan Archer
44:42 Chatras
45:06 Chain Barding Armor
45:34 Light Cavalry
46:24 Bloodlines
46:14 Husbandry
45:36 Elite Battle Elephant
48:14 Halberdier
51:23 Plate Barding Armor
50:19 Crossbowman
50:19 Elite Skirmisher
50:20 Heavy Cavalry Archer
51:06 Thumb Ring
BetteraveRouge
1:00 Loom
12:44 Feudal Age
16:16 Castle Age
14:10 Double-Bit Axe
18:16 Bow Saw
17:51 Horse Collar
18:48 Heavy Plow
24:19 Wheelbarrow
25:11 Fletching
25:53 Bodkin Arrow
28:17 Ballistics
32:30 Imperial Age
31:13 Hand Cart
30:44 Town Watch
31:14 Padded Archer Armor
32:40 Silk Road
32:28 Gold Mining
32:33 Stone Mining
34:13 Chemistry
33:15 Bracer
33:53 Conscription
37:42 Thumb Ring
37:47 Scale Barding Armor
38:02 Masonry
37:32 Treadmill Crane
38:55 Chain Barding Armor
37:57 Light Cavalry
38:49 Bloodlines
38:40 Husbandry
39:12 Forging
40:11 Architecture
39:09 Hussar
40:27 Plate Barding Armor
43:23 Iron Casting
45:05 Blast Furnace
48:54 Elite Genoese Crossbowman
54:46 Caravan
55:13 Pirotechnia
Gokhy
13:07 Feudal Age
13:17 Loom
14:28 Man-at-Arms
18:23 Castle Age
17:12 Double-Bit Axe
20:27 Bow Saw
21:16 Fishing Lines
22:06 Gillnets
24:01 Wheelbarrow
23:40 Horse Collar
26:53 Heavy Plow
30:48 Imperial Age
28:20 Stone Mining
28:20 Gold Mining
29:15 Hand Cart
29:14 Gold Mining
29:35 Treadmill Crane
30:06 Masonry
31:01 Fletching
31:11 Padded Archer Armor
31:58 Gold Shaft Mining
31:46 Ballistics
31:22 Murder Holes
32:01 Architecture
31:55 Bombard Tower
31:22 Arrowslits
31:28 Guard Tower
32:04 Town Watch
36:47 Keep
40:20 Caravan
46:47 Bodkin Arrow
47:09 Leather Archer Armor
50:18 Artillery
50:40 Conscription
50:33 Thumb Ring
52:01 Bracer
58:31 Two-Man Saw
57:39 Town Patrol
59:38 Ring Archer Armor
dekster
5:41 Loom
12:24 Feudal Age
18:05 Castle Age
16:14 Double-Bit Axe
20:42 Wheelbarrow
20:37 Bow Saw
23:03 Stone Mining
23:12 Gold Mining
24:28 Hand Cart
26:56 Fortified Wall
30:53 Imperial Age
30:02 Scale Barding Armor
30:08 Forging
31:23 Husbandry
31:47 Chain Barding Armor
30:54 Cavalier
32:42 Chemistry
32:41 Iron Casting
33:18 Plate Barding Armor
35:13 Blast Furnace
35:01 Gold Shaft Mining
34:37 Caravan
35:15 Paladin
40:56 Siege Engineers
42:53 Conscription
42:35 Chivalry
44:02 Ballistics
43:53 Masonry
43:54 Heavy Scorpion
49:34 Hoardings
51:03 Light Cavalry
51:40 Capped Ram
54:02 Fletching
Falconbih
4:56 Loom
11:42 Feudal Age
19:52 Castle Age
20:13 Fishing Lines
20:50 Double-Bit Axe
21:54 Horse Collar
22:37 Gillnets
27:04 Heavy Plow
29:56 Forging
33:28 Imperial Age
32:29 Iron Casting
31:55 Gold Mining
33:04 Wheelbarrow
32:22 Stone Mining
33:31 Bloodlines
33:29 Scale Barding Armor
33:58 Hand Cart
34:21 Crop Rotation
34:29 Bow Saw
34:43 Chain Barding Armor
34:40 Town Watch
36:00 Blast Furnace
36:12 Plate Barding Armor
35:40 Husbandry
35:22 Cavalier
36:55 Conscription
36:44 Savar
36:52 Savar
39:34 Fletching
39:44 Padded Archer Armor
41:32 Capped Ram
44:08 Chemistry
43:29 Ballistics
42:44 Siege Ram
45:24 Bodkin Arrow
45:45 Leather Archer Armor
59:23 Light Cavalry
xPawno
0:39 Loom
14:38 Feudal Age
15:25 Double-Bit Axe
20:42 Castle Age
19:53 Fishing Lines
20:47 Horse Collar
21:00 Gold Mining
21:42 Bow Saw
24:47 Scale Mail Armor
27:13 Light Cavalry
28:04 Bloodlines
30:53 Imperial Age
28:57 Fletching
29:07 Padded Archer Armor
29:16 Heavy Plow
29:52 Gold Shaft Mining
31:01 Capped Ram
31:23 Elite Skirmisher
32:22 Bodkin Arrow
33:30 Stone Mining
34:08 Bracer
35:16 Leather Archer Armor
35:37 Thumb Ring
37:31 Conscription
37:32 Siege Engineers
38:27 Chemistry
38:09 Ring Archer Armor
39:37 Scale Barding Armor
40:21 Wheelbarrow
40:20 Ballistics
43:18 Parthian Tactics
43:00 Hussar
43:46 Husbandry
44:09 Chain Mail Armor
44:14 Pikeman
44:40 Arson
44:50 Crossbowman
45:20 Pikeman
45:59 Halberdier
51:33 Arbalester
59:28 Hand Cart
60:13 Two-Man Saw
59:49 Crop Rotation
strokac
0:38 Loom
11:49 Feudal Age
13:25 Double-Bit Axe
18:41 Castle Age
17:19 Horse Collar
18:11 Fishing Lines
18:43 Fletching
18:55 Crossbowman
18:58 Elite Skirmisher
21:45 Wheelbarrow
21:29 Padded Archer Armor
25:16 Heavy Plow
25:29 Bow Saw
26:48 Hand Cart
26:31 Bodkin Arrow
31:14 Leather Archer Armor
35:09 Imperial Age
32:25 Town Watch
33:18 Gold Mining
34:27 Ballistics
35:53 Bracer
36:24 Ring Archer Armor
36:56 Chemistry
36:14 Crossbowman
37:50 Thumb Ring
38:10 Conscription
38:42 Arbalester
Connection lost

Rejoining the realm…

Still unreachable

The connection could not be restored.

Session expired

The server has moved on; the page needs a fresh start.